 Dungeon Crawl Stone Soup version 0.19.1 (webtiles) character file.

4383 Gargoyl the Covered (level 10, -4/86 HPs)
             Began as a Ghoul Abyssal Knight on Dec 28, 2016.
             Was a High Priest of Lugonu.
             Slain by Pikel
             ... wielding a +0 whip of electrocution
              (19 damage)
             ... on level 8 of the Dungeon.
             The game lasted 00:18:57 (7231 turns).

Gargoyl the Covered (Ghoul Abyssal Knight)          Turns: 7231, Time: 00:18:58

Health: -4/86      AC: 18    Str: 17 (18) XL:     10   Next: 35%
Magic:  14/14      EV: 11    Int:  5 (7)  God:    Lugonu [*****.]
Gold:   454        SH:  0    Dex: 14 (15) Spells: 0 memorised, 9 levels left

rFire  . . .     SeeInvis .     a - +5 war axe
rCold  + . .     Gourm    .     p - +0 plate armour
rNeg   + + +     Faith    .     (no shield)
rPois  ∞         Spirit   .     d - +0 helmet
rElec  .         Reflect  .     m - +2 cloak
rCorr  .         Harm     .     (no gloves)
MR     .....                    (no boots)
Stlth  ..........               (no amulet)
                                (no ring)
                                (no ring)

@: agile, rotting
A: rotting body, claws 1, carnivore 3, cold resistance 1, negative energy
resistance 3, slow regeneration 1, torment resistance, unbreathing
a: Depart the Abyss, Bend Space, Banish, Corrupt, Enter the Abyss, Renounce
Religion


You were on level 8 of the Dungeon.
You worshipped Lugonu.
Lugonu was extremely pleased with you.
You were not hungry.

You visited 1 branch of the dungeon, and saw 8 of its levels.
You visited the Abyss 1 time.

You collected 454 gold pieces.

Inventory:

Hand Weapons
 a - a +5 war axe (weapon)
 e - a +3 hand crossbow of flaming
 D - a +4 war axe
Missiles
 h - 3 bolts
Armour
 d - a +0 helmet (worn)
 m - a +2 cloak (worn)
 p - a +0 plate armour (worn)
Jewellery
 E - an uncursed ring of poison resistance {unknown}
Wands
 t - a wand of acid (7/15)
 u - a wand of polymorph (9/24)
 v - a wand of heal wounds (7/9)
 A - a wand of flame (27/48)
 B - a wand of acid (9/15)
Scrolls
 b - a scroll of blinking
 g - 4 scrolls of remove curse
 n - 2 scrolls of amnesia
 q - 2 scrolls of identify
 r - 2 scrolls of recharging
 y - a scroll of teleportation
Potions
 f - 2 potions of magic {unknown}
 k - 2 potions of resistance
 z - 2 potions of haste
Books
 j - a book of Battle

   Spells                             Type                      Level
   a - Infusion                       Charms                       1
   b - Shroud of Golubria             Charms/Translocation         2
   c - Song of Slaying                Charms                       2
   d - Spectral Weapon                Hexes/Charms                 3
   e - Regeneration                   Charms/Necromancy            3
Comestibles
 c - 7 meat rations
 l - 3 beef jerkies
 s - 8 slices of pizza
 C - 2 chunks of flesh


   Skills:
 + Level 7.1 Fighting
 + Level 7.0 Axes
 + Level 4.3 Crossbows
 * Level 7.4 Armour
 + Level 2.1 Dodging
 * Level 7.0 Invocations


You had 9 spell levels left.
You didn't know any spells.

Dungeon Overview and Level Annotations

Branches:
Dungeon (8/15)             Temple (0/1) D:7
   Lair: D:8-11

Altars:
Cheibriados
Dithmenos
Elyvilon
Gozag
Makhleb
Okawaru
Xom

Annotations:
D:8 Pikel


Innate Abilities, Weirdness & Mutations

Your body is rotting away.
You thrive on raw meat.
You are immune to poison.
You have sharp fingernails.
You are carnivorous and can eat meat at any time.
Your flesh is cold resistant. (rC+)
You are immune to negative energy. (rN+++)
You regenerate slowly when monsters are visible.
You are immune to unholy pain and torment.
You can survive without breathing.


Message History

You are electrocuted!
* * * LOW HITPOINT WARNING * * *
The slave hits you but does no damage.
You feel better. The slave hits you but does no damage.
Pikel barely misses you. The slave hits you but does no damage.
The slave hits you but does no damage. The slave misses you.
Pikel hits you but does no damage.
There is a stone staircase leading up here.
You closely miss Pikel.
Pikel is severely wounded.
You closely miss the slave. Pikel barely misses you. Pikel closely misses you.
Unknown command.
Your plate armour prevents you from hitting Pikel.
Pikel is severely wounded.
You hit the slave.
You kill the slave!
That felt strangely unrewarding.
Pikel hits you but does no damage.
You are electrocuted!
You die...

... #...............#.
...#.................#
#.##........##.#.###.#
#######.##......).......#
...................###....
................(..###.#.#.
.......................#.#
. ........................
. ...............K@......#
...............p[..###.#
...................# .#
[..................#
......................
...................)...
...................###.
.....................
...................#..


You could see Pikel and a slave.

Vanquished Creatures
  2 hippogriffs
  A yak (D:7)
  A human (D:7)
  3 hogs (D:7)
  A hungry ghost (D:7)
  Edmund (D:4)
  Duvessa (D:4)
  2 orc warriors (D:7)
  4 ice beasts
  3 slaves (D:8)
  A phantom (D:4)
  4 ogres
  A centaur (D:8)
  A big kobold (D:7)
  2 bullfrogs
  Dowan (D:4)
  4 killer bees
  6 wights (D:7)
  A howler monkey (D:7)
  A centaur zombie (D:5)
  A jelly (D:7)
  5 orc priests
  4 orc wizards
  A bullfrog skeleton (D:5)
  A centaur skeleton (D:5)
  Ijyb (D:2)
  Natasha (D:3)
  2 iguanas
  4 worker ants
  A killer bee zombie (D:7)
  Robin (D:3)
  A worker ant zombie (D:7)
  3 gnolls (D:7)
  8 adders
  2 shadow imps
  An adder zombie (D:6)
  An adder skeleton (D:3)
  2 dart slugs (D:1)
  5 leopard geckos
  26 orcs
  4 ball pythons
  9 bats
  4 giant cockroaches
  16 goblins
  12 hobgoblins
  16 jackals
  3 quokkas
  4 frilled lizards
  15 kobolds
  A quokka skeleton (D:6)
  13 rats
209 creatures vanquished.

Vanquished Creatures (others)
  A hill giant (D:8)
1 creature vanquished.

Grand Total: 210 creatures vanquished

Notes
Turn   | Place    | Note
-------+----------+-------------------------------------------
     0 | Abyss:1  | Gargoyl the Ghoul Abyssal Knight began the quest for the Orb.
     0 | Abyss:1  | Reached XP level 1. HP: 19/19 MP: 1/1
    96 | Abyss:2  | Found a corrupted altar of Lugonu.
   108 | Abyss:2  | Noticed a large abomination
   109 | D:1      | Escaped the Abyss
   279 | D:1      | Reached XP level 2. HP: 27/27 MP: 2/2
   588 | D:1      | Reached * piety under Lugonu
   744 | D:1      | Reached skill level 1 in Dodging
   744 | D:1      | Reached XP level 3. HP: 20/33 MP: 3/3
  1294 | D:2      | Reached ** piety under Lugonu
  1319 | D:2      | Reached XP level 4. HP: 40/40 MP: 5/5
  1410 | D:2      | Found a snail-covered altar of Cheibriados.
  1482 | D:2      | Found a shimmering altar of Xom.
  1484 | D:2      | Found a shadowy altar of Dithmenos.
  1484 | D:2      | Found an iron altar of Okawaru.
  1490 | D:2      | Found an iron altar of Okawaru.
  1490 | D:2      | Found an opulent altar of Gozag.
  1490 | D:2      | Found a white marble altar of Elyvilon.
  2126 | D:3      | Noticed Ijyb
  2144 | D:2      | Killed Ijyb
  2147 | D:2      | Reached XP level 5. HP: 39/44 MP: 6/6
  2479 | D:3      | Reached *** piety under Lugonu
  2586 | D:3      | Noticed Natasha
  2592 | D:3      | Killed Natasha
  2655 | D:3      | Noticed Robin
  2658 | D:3      | Found a white marble altar of Elyvilon.
  2676 | D:3      | Killed Robin
  2676 | D:3      | Reached XP level 6. HP: 26/53 MP: 7/7
  2880 | D:4      | Noticed a phantom
  2891 | D:4      | Killed a phantom
  2891 | D:4      | Reached skill level 1 in Crossbows
  3046 | D:4      | Found a burning altar of Makhleb.
  3097 | D:4      | Noticed Edmund
  3107 | D:4      | Killed Edmund
  3107 | D:4      | Reached XP level 7. HP: 58/60 MP: 8/8
  3170 | D:4      | Noticed Duvessa
  3175 | D:4      | Noticed Dowan
  3199 | D:4      | Killed Duvessa
  3199 | D:4      | Reached skill level 5 in Fighting
  3202 | D:4      | Killed Dowan
  3483 | D:5      | Entered Level 5 of the Dungeon
  4057 | D:5      | Reached XP level 8. HP: 65/65 MP: 10/10
  4854 | D:6      | Noticed a hippogriff
  4891 | D:6      | Killed a hippogriff
  4891 | D:6      | Reached skill level 5 in Invocations
  5120 | D:6      | Reached skill level 5 in Armour
  5759 | D:7      | Reached **** piety under Lugonu
  5869 | D:7      | Noticed a hill giant
  5998 | D:8      | Banished a hill giant
  5998 | D:8      | Reached XP level 9. HP: 38/75 MP: 10/12
  6195 | D:7      | Reached skill level 5 in Axes
  6540 | D:7      | Found a staircase to the Ecumenical Temple.
  6590 | D:7      | Reached XP level 10. HP: 38/84 MP: 13/13
  6688 | D:7      | Reached ***** piety under Lugonu
  7196 | D:8      | Noticed Pikel
  7209 | D:8      | HP: 2/86 [Pikel/whip of electrocution (15)]
  7231 | D:8      | Slain by Pikel

Skill      XL: |  1  2  3  4  5  6  7  8  9 10 |
---------------+-------------------------------+-----
Fighting       | 4 5 6 7 |  7.1
Dodging        | 1 2 |  2.1
Armour         | 2 3 4 5 6 7 |  7.4
Axes           | 2 3 4 6 7 |  7.0
Invocations    | 3 4 5 6 7 |  7.0
Crossbows      | 2 3 4 |  4.3

Action                   |  1- 3 |  4- 6 |  7- 9 | 10-12 || total
-------------------------+-------+-------+-------+-------++-------
Melee: Hand axe          |   167 |   104 |   194 |       ||   465
       War axe           |       |       |   146 |   105 ||   251
 Fire: Hand crossbow     |       |    67 |    63 |       ||   130
Invok: Depart the Abyss  |     1 |       |       |       ||     1
       Banish            |       |       |     1 |       ||     1
  Use: Scroll            |     4 |     3 |     7 |     2 ||    16
       Potion            |       |       |     5 |     5 ||    10
 Stab: Invisible         |       |       |     1 |       ||     1
  Eat: Chunk             |    19 |    19 |    47 |    30 ||   115
Armor: Leather armour    |    14 |       |       |       ||    14
       Scale mail        |    67 |    82 |       |       ||   149
       Plate armour      |       |    44 |   364 |   136 ||   544
Dodge: Dodged            |   110 |    94 |   125 |    69 ||   398
